 Dungeon Crawl Stone Soup version 0.19.0-20-gbc5f0c6 (webtiles) character file.

2535 DakAttack the Skirmisher (level 9, 0/72 HPs)
             Began as a Hill Orc Gladiator on Nov 17, 2016.
             Was an Initiate of Hepliaklqana.
             Slain by a wight
             ... wielding a +3 short sword
              (3 damage)
             ... on level 8 of the Dungeon.
             The game lasted 00:13:16 (6153 turns).

DakAttack the Skirmisher (Hill Orc Gladiator)       Turns: 6153, Time: 00:13:17

Health: 0/72       AC: 13    Str: 18    XL:     9   Next: 55%
Magic:  7/9        EV: 13    Int:  8    God:    Hepliaklqana [......]
Gold:   333        SH:  0    Dex: 14    Spells: 0 memorised, 8 levels left

rFire  + . .     SeeInvis .     a - +1 trident
rCold  . . .     Gourm    .     p - +0 scale mail
rNeg   . . .     Faith    .     (no shield)
rPois  +         Spirit   .     c - +0 helmet
rElec  .         Reflect  .     w - +2 cloak
rCorr  .         Harm     .     H - +0 pair of gloves (curse)
MR     .....                    (no boots)
Stlth  ..........               g - amulet of regeneration
                                D - ring of protection from fire
                                q - ring of poison resistance

@: drained
A: reduced essence
a: Recall Ancestor, Ancestor Identity, Renounce Religion


You were on level 8 of the Dungeon.
You worshipped Hepliaklqana.
Hepliaklqana was noncommittal.
You were not hungry.

You visited 2 branches of the dungeon, and saw 9 of its levels.

You collected 361 gold pieces.
You spent 28 gold pieces at shops.

Inventory:

Hand Weapons
 a - a +1 trident (weapon)
Missiles
 d - 4 throwing nets (quivered)
Armour
 c - a +0 helmet (worn)
 p - a +0 scale mail (worn)
 w - a +2 cloak (worn)
 H - a cursed +0 pair of gloves (worn)
Jewellery
 g - an amulet of regeneration (around neck)
 q - a ring of poison resistance (left hand)
 x - an uncursed ring of magical power
 D - a ring of protection from fire (right hand)
Wands
 b - a wand of random effects (42/48)
 n - a wand of lightning (2/15)
 B - a wand of random effects (21/48)
 E - a wand of heal wounds (4/9)
 I - a wand of lightning (8/15)
 K - a wand of confusion (20/48)
Scrolls
 l - 4 scrolls of amnesia
 v - a scroll of recharging
 y - a scroll of remove curse
 J - a scroll of fog
Potions
 h - a potion of cure mutation {unknown}
 m - a potion of flight {unknown}
 o - 2 potions of brilliance
 r - a potion of magic {unknown}
 C - a potion of resistance {unknown}
 F - a potion of haste {unknown}
Books
 G - a book of Changes

   Spells                             Type                      Level
   a - Beastly Appendage              Transmutation                1
   b - Sticks to Snakes               Transmutation                2
   c - Spider Form                    Transmutation/Poison         3
   d - Ice Form                       Ice/Transmutation            4
   e - Blade Hands                    Transmutation                5
Comestibles
 f - 2 bread rations
 i - 4 meat rations
 t - a beef jerky
 u - 9 fruits


   Skills:
 + Level 7.9(7.7) Fighting
 + Level 7.6(7.4) Polearms
 - Level 1.7(1.5) Throwing
 + Level 6.6(6.4) Armour
 + Level 5.9(5.7) Dodging


You had 8 spell levels left.
You didn't know any spells.

Dungeon Overview and Level Annotations

Branches:
Dungeon (8/15)             Temple (1/1) D:7
   Lair: D:8-11

Altars:
Ashenzari
Cheibriados
Dithmenos
Elyvilon
Fedhas
Gozag
Hepliaklqana
Kikubaaqudgha
Makhleb
Nemelex Xobeh
Okawaru
Qazlal
Ru
Sif Muna
Trog
Uskayaw
Vehumet
Xom
Yredelemnul
Zin
The Shining One

Shops:
D:5 [   D:6 ?   D:7 *


Message History

The bullfrog hits you but does no damage.
You barely miss the bullfrog. The wight barely misses you.
The bullfrog hits you.
* * * LOW HITPOINT WARNING * * *
Unknown command.
You barely miss the bullfrog. The wight hits you but does no damage.
The bullfrog barely misses you. The wight barely misses you.
You puncture the bullfrog!
The bullfrog is moderately wounded.
The bullfrog hits you but does no damage.
The wight hits you with an enchanted dire flail.
* * * LOW HITPOINT WARNING * * *
The wight hits you but does no damage.
The bullfrog hits you but does no damage.
You puncture the bullfrog!
The bullfrog is almost dead.
The wight hits you but does no damage.
The bullfrog hits you but does no damage.
The wight hits you with an enchanted short sword.
You die...

.. ....##### ....zzzz#
#@# . #F#####...
#y#.......
#.####h..########.#.#.
.........).†..........
#.#.###..####.###.##.#
# .....# #...# ...
#....#.# #...####Y#
....#.#.# #.....##.#


You could see a bullfrog, a hound, a killer bee and 4 wights.

Vanquished Creatures
  The ghost of LogicNinja the Sneak, an amateur VSAM of Trog (D:4)
  2 sky beasts
  A black bear (D:7)
  3 ogres (D:7)
  2 phantoms
  2 centaurs (D:5)
  A bullfrog (D:7)
  2 scorpions
  A water moccasin skeleton (D:6)
  8 killer bees (D:8)
  A wight (D:8)
  4 howler monkeys
  3 crimson imps
  2 bullfrog zombies (D:6)
  A quasit (D:8)
  A hound (D:6)
  An orc wizard (D:3)
  An iguana (D:7)
  2 worker ants
  A killer bee zombie (D:6)
  A hound zombie (D:6)
  2 howler monkey zombies
  3 gnolls (D:2)
  9 adders
  A shadow imp (D:7)
  An ooze (D:2)
  An adder zombie (D:6)
  An adder skeleton (D:8)
  2 worms
  4 dart slugs
  10 leopard geckos
  9 orcs
  A ball python (D:5)
  9 bats
  2 giant cockroaches
  13 goblins
  6 hobgoblins
  9 jackals
  2 quokkas
  2 ball python skeletons
  3 frilled lizards
  A jackal skeleton (D:5)
  8 kobolds
  8 rats
148 creatures vanquished.

Vanquished Creatures (collateral kills)
  A sky beast (D:8)
  A killer bee (D:8)
  A jelly (D:7)
  A howler monkey zombie (D:8)
  A shadow imp (D:7)
5 creatures vanquished.

Vanquished Creatures (others)
  3 ancestors (D:8)
3 creatures vanquished.

Grand Total: 156 creatures vanquished

Notes
Turn   | Place    | Note
-------+----------+-------------------------------------------
     0 | D:1      | DakAttack the Hill Orc Gladiator began the quest for the Orb.
     0 | D:1      | Reached XP level 1. HP: 18/18 MP: 1/1
   152 | D:1      | Reached XP level 2. HP: 19/25 MP: 2/2
   439 | D:1      | Reached skill level 1 in Armour
   961 | D:2      | Reached XP level 3. HP: 31/31 MP: 3/3
  1057 | D:2      | Reached XP level 4. HP: 38/38 MP: 4/4
  1924 | D:3      | Reached XP level 5. HP: 45/45 MP: 5/5
  2561 | D:4      | Noticed LogicNinja's ghost (amateur VSAM)
  2575 | D:4      | Killed LogicNinja's ghost
  2575 | D:4      | Reached XP level 6. HP: 25/52 MP: 6/6
  2682 | D:4      | Noticed a phantom
  2735 | D:4      | Killed a phantom
  3079 | D:4      | Reached XP level 7. HP: 60/60 MP: 7/7
  3122 | D:4      | Reached skill level 5 in Polearms
  3153 | D:5      | Entered Level 5 of the Dungeon
  3529 | D:5      | Found Zebbid's Antique Armour Shop.
  3652 | D:5      | Found a radiant altar of Vehumet.
  3654 | D:5      | Found a shimmering altar of Xom.
  3679 | D:5      | Reached skill level 5 in Fighting
  3974 | D:6      | Found a glowing silver altar of Zin.
  4030 | D:6      | Reached XP level 8. HP: 69/69 MP: 8/8
  4141 | D:6      | Found Zeleypaiwn's Magic Scroll Shop.
  4144 | D:6      | Bought a scroll of identify for 28 gold pieces
  4481 | D:6      | Reached skill level 5 in Armour
  4504 | D:6      | Reached skill level 5 in Dodging
  5165 | D:7      | Found Oweholoj's Assorted Antiques.
  5200 | D:7      | Found a staircase to the Ecumenical Temple.
  5248 | D:7      | Reached XP level 9. HP: 64/79 MP: 9/9
  5288 | Temple   | Entered the Ecumenical Temple
  5540 | Temple   | Became a worshipper of Hepliaklqana the Forgotten
  6152 | D:8      | HP: 2/72 [wight/enchanted dire flail (4)]
  6153 | D:8      | Slain by a wight

Skill      XL: |  1  2  3  4  5  6  7  8  9 |
---------------+----------------------------+-----
Armour         | 1 2 3 4 5 6 |  6.6
Fighting       | 3 4 5 7 |  7.9
Dodging        | 3 4 5 |  5.9
Polearms       | 4 5 6 7 |  7.6
Throwing       | |  1.7

Action                   |  1- 3 |  4- 6 |  7- 9 || total
-------------------------+-------+-------+-------++-------
Melee: Trident           |    74 |   249 |   402 ||   725
Invok: Ancestor Identity |       |       |     1 ||     1
  Use: Scroll            |     2 |     7 |     9 ||    18
       Potion            |       |       |     7 ||     7
 Stab: Sleeping          |       |     2 |       ||     2
  Eat: Chunk             |       |     7 |     5 ||    12
       Fruit             |       |       |     1 ||     1
       Pizza             |       |       |     2 ||     2
       Meat ration       |       |       |     1 ||     1
Armor: Leather armour    |    18 |    21 |       ||    39
       Ring mail         |       |     5 |       ||     5
       Scale mail        |       |    16 |   214 ||   230
Dodge: Dodged            |    33 |   110 |   283 ||   426
